 Dungeon Crawl Stone Soup version 0.22.0-6-g71bd7aa (webtiles) character file.

6 Sqgman the Charlatan (level 1, -1/17 HPs)
             Began as a Gnoll Wanderer on Aug 15, 2018.
             Slain by a jackal (3 damage)
             ... on level 1 of the Dungeon.
             The game lasted 00:01:08 (275 turns).

Sqgman the Charlatan (Gnoll Wanderer)                Turns: 275, Time: 00:01:10

Health: -1/17      AC:  2    Str: 13    XL:     1   Next: 90%
Magic:  3/3        EV: 13    Int: 15    God:
Gold:   0          SH:  0    Dex: 14    Spells: 0/0 levels left

rFire    . . .     SeeInvis .   e - +0 dagger
rCold    . . .     Gourm    .   (no shield)
rNeg     . . .     Faith    .   d - +0 robe
rPois    .         Spirit   .   (no helmet)
rElec    .         Reflect  .   (no cloak)
rCorr    .         Harm     .   (no gloves)
MR       .....                  (no boots)
Stlth    +++.......             (no amulet)
HPRegen  0.05/turn              (no ring)
MPRegen  0.08/turn              (no ring)

@: no status effects
A: distributed training, fangs 1, strong nose
a: no special abilities


You were on level 1 of the Dungeon.
You were not hungry.

You visited 1 branch of the dungeon, and saw 1 of its levels.

Inventory:

Hand Weapons
 e - a +0 dagger (weapon)
Missiles
 b - 18 stones (quivered)
Armour
 d - a +0 robe (worn)
Scrolls
 a - a scroll of immolation {unknown}
Potions
 c - 2 potions of curing
Comestibles
 f - a ration


   Skills:
 + Level 2.4 Fighting
 + Level 0.1 Short Blades
 + Level 0.1 Long Blades
 + Level 0.1 Axes
 + Level 0.1 Maces & Flails
 + Level 0.1 Polearms
 + Level 2.4 Staves
 + Level 0.1 Slings
 + Level 0.1 Bows
 + Level 0.1 Crossbows
 + Level 0.1 Throwing
 + Level 0.1 Armour
 + Level 2.4 Dodging
 + Level 4.0 Stealth
 + Level 0.1 Shields
 + Level 0.1 Unarmed Combat
 + Level 0.1 Spellcasting
 + Level 0.1 Conjurations
 + Level 0.1 Hexes
 + Level 0.1 Charms
 + Level 0.1 Summonings
 + Level 2.0 Necromancy
 + Level 0.1 Translocations
 + Level 0.1 Transmutations
 + Level 0.1 Fire Magic
 + Level 0.1 Ice Magic
 + Level 0.1 Air Magic
 + Level 3.6 Earth Magic
 + Level 0.1 Poison Magic
 + Level 0.2 Invocations
 + Level 4.4 Evocations


You couldn't memorise any spells.
You didn't know any spells.
Your spell library contained the following spells:

 Spells                   Type           Power        Failure   Level  Hunger
 Stone Arrow              Conj/Erth      #.....       36%         3    ####...
 Passwall                 Tmut/Erth      #.......     19%         2    ###....
 Sticks to Snakes         Tmut           #.......     36%         2    ###....
 Lee's Rapid Deconstruct  Erth           ##........   86%         5    ######.
 Sandblast                Erth           ##....       6%          1    ##.....
 Petrify                  Tmut/Erth      #.......     77%         4    #####..


Dungeon Overview and Level Annotations

Branches:
Dungeon (1/15)

Altars:


Innate Abilities, Weirdness & Mutations

Your experience applies equally to all skills.
You have very sharp teeth.
Your uncanny sense of smell can sniff out nearby items.


Message History

The jackal closely misses you. The jackal barely misses you.
The bat misses you.
You closely miss the jackal. Your bite misses the jackal.
The jackal is moderately wounded.
The bat misses you. The jackal bites you.
* * * LOW HITPOINT WARNING * * *
The rat barely misses you. The jackal closely misses you.
You closely miss the jackal. Your bite misses the jackal.
The jackal is moderately wounded.
The bat closely misses you. The jackal closely misses you. The bat misses you.
The jackal barely misses you. The rat bites you.
* * * LOW HITPOINT WARNING * * *
The jackal barely misses you. The bat hits you but does no damage.
You hit the jackal.
The jackal is severely wounded.
The jackal barely misses you. The bat hits you.
* * * LOW HITPOINT WARNING * * *
The rat bites you but does no damage. The jackal misses you.
The jackal bites you.
You die...

... #.# #.##
...# ####..###
#.......#∆..
#...hh..#...
#...@b...... ∆
. #...r...####
# #####.#######
########
#.#.[(..PPPPPPP


PPPPPPP# #.......PPPPPPPPPPPPPPP# ##......PPPPP.....PPPPP#
#..###.PPP..PPPPP..PPP# #.. #.PP.PPP...PPP.PP. #. #.PP.PP.PPP.PP.PP. You could
see 2 jackals, a bat and a rat.

Vanquished Creatures
  An ooze (D:1)
  A jackal (D:1)
2 creatures vanquished.

Notes
Turn   | Place    | Note
-------+----------+-------------------------------------------
     0 | D:1      | Sqgman the Gnoll Wanderer began the quest for the Orb.
     0 | D:1      | Sqgman set off with: a potion of curing, a +0 robe, a +0 dagger, a ration
     0 | D:1      | Reached XP level 1. HP: 17/17 MP: 3/3
   275 | D:1      | Slain by a jackal

Skill      XL: |  1 |
---------------+----+-----
Necromancy     | 2 |  2.0
Fighting       | |  2.4
Short Blades   | |  0.1
Long Blades    | |  0.1
Axes           | |  0.1
Maces & Flails | |  0.1
Polearms       | |  0.1
Staves         | |  2.4
Slings         | |  0.1
Bows           | |  0.1
Crossbows      | |  0.1
Throwing       | |  0.1
Armour         | |  0.1
Dodging        | |  2.4
Stealth        | |  4.0
Shields        | |  0.1
Unarmed Combat | |  0.1
Spellcasting   | |  0.1
Conjurations   | |  0.1
Hexes          | |  0.1
Charms         | |  0.1
Summonings     | |  0.1
Translocations | |  0.1
Transmutations | |  0.1
Fire Magic     | |  0.1
Ice Magic      | |  0.1
Air Magic      | |  0.1
Earth Magic    | |  3.6
Poison Magic   | |  0.1
Invocations    | |  0.2
Evocations     | |  4.4

Action                   || total
-------------------------++-------
Melee: Dagger            ||   159
       Bite              ||    27
Throw: Stone             ||     4
  Use: Potion            ||     1
Armor: Robe              ||    10
Dodge: Dodged            ||    46
